 Dungeon Crawl Stone Soup version 0.16-a0-621-gdc21f72 (webtiles) character file.

28 Ratboiler the Sneak (level 3, -2/21 HPs)
             Began as an Octopode Enchanter on Sept 17, 2014.
             Slain by a kobold
             ... wielding a +0 dagger
              (4 damage)
             ... on Level 2 of the Dungeon.
             The game lasted 00:02:14 (1159 turns).

Ratboiler the Sneak (Octopode Enchanter)            Turns: 1159, Time: 00:02:15

HP  -2/21        AC  1     Str  7      XL: 3   Next: 14%
MP   6/6         EV 12     Int 18      God:
Gold 90          SH  0     Dex 12      Spells:  2 memorised,  3 levels left

rFire  . . .     SeeInvis .     a - +1 dagger
rCold  . . .     Clarity  .     (no shield)
rNeg   . . .     rCorr    .     (helmet restricted)
rPois  .         rRot     .     (no amulet)
rElec  .         Spirit   .     (no ring)
SustAb .         Warding  .     (no ring)
rMut   .         Stasis   .     (no ring)
Gourm  .                        (no ring)
MR     .....                    (no ring)
                                (no ring)
                                (no ring)
                                (no ring)

@: not resistant to hostile enchantments, stealthy
A: almost no armour, amphibious, 8 rings, constrict 8, camouflage 1, gelatinous
body 1
a: no special abilities


You were on level 2 of the Dungeon.
You were hungry.

You visited 1 branch of the dungeon, and saw 2 of its levels.

You collected 90 gold pieces.

Inventory:

Hand weapons
 a - a +1 dagger (weapon)
Missiles
 e - 3 needles of slowing
Comestibles
 d - 4 bread rations
 f - 9 fruits
 g - a slice of pizza
Scrolls
 b - 2 scrolls of identify {unknown}
 h - a scroll of fog {unknown}
Potions
 i - a potion of brilliance {unknown}
 j - a potion of confusion {unknown}
Books
 c - a book of Maledictions

   Spells                             Type                      Level
   *Corona                            Hexes                        1
   Sure Blade                         Hexes/Charms                 2
   *Ensorcelled Hibernation           Hexes/Ice                    2
   Confuse                            Hexes                        3
   Dazzling Spray                     Conjuration/Hexes            3
   Enslavement                        Hexes                        4


   Skills:
 - Level 1.1 Short Blades
 - Level 2.0 Dodging
 + Level 5.7 Stealth
 - Level 2.0 Spellcasting
 - Level 3.0 Hexes


You had 3 spell levels left.
You knew the following spells:

 Your Spells              Type           Power        Failure   Level  Hunger
a - Corona                Hex            ##.....      6%          1    #......
b - Ensorcelled Hibernat  Hex/Ice        #.....       14%         2    ##.....


Dungeon Overview and Level Annotations

Branches:
Dungeon (2/15)

Altars:
Trog


Innate Abilities, Weirdness & Mutations

You cannot wear most types of armour.
You are amphibious.
You can wear up to eight rings at the same time.
You can use your tentacles to constrict many enemies at once.
Your skin changes colour to match your surroundings (Stealth).
Your rubbery body absorbs attacks (AC +1).


Message History

You are too injured to fight recklessly!
You are too injured to fight recklessly!
The kobold shouts!
The kobold hits you with a dagger.
You miss the kobold. You grab the kobold.
You constrict the kobold, but do no damage.
The kobold hits you with a dagger.
* * * LOW HITPOINT WARNING * * *
You hit the kobold but do no damage. You constrict the kobold.
The kobold hits you with a dagger.
* * * LOW HITPOINT WARNING * * *
You hit the kobold.
The kobold is severely wounded.
You constrict the kobold. The kobold hits you with a dagger.
* * * LOW HITPOINT WARNING * * *
You hit the kobold but do no damage.
The kobold is almost dead.
You constrict the kobold, but do no damage.
The kobold hits you with a dagger.
You die...

#.# ##....# # #.#
##.####.## #.# #.#......
#.# ####.#.##.##
#####.###.(.........
#.........###......#
#.........#.........
#...K....##..)......
#..@.....##.........
###........##.........
#..........##.........
#.#........##.#.....#.
#.##.......#..#.....##
####r####.......#########
##.......##.....### #
##.........##......########
#...........#.......%......


You could see a kobold.

Vanquished Creatures
  A worm (D:2)
  2 giant cockroaches (D:1)
  2 hobgoblins
  3 kobolds
  5 bats
  A giant gecko (D:1)
  A giant newt (D:1)
  A goblin (D:2)
  8 rats
24 creatures vanquished.

Notes
Turn   | Place    | Note
--------------------------------------------------------------
     0 | D:1      | Ratboiler, the Octopode Enchanter, began the quest for the Orb.
     0 | D:1      | Reached XP level 1. HP: 11/11 MP: 3/3
   318 | D:1      | Reached XP level 2. HP: 15/17 MP: 4/4
   322 | D:1      | Learned a level 2 spell: Ensorcelled Hibernation
   553 | D:1      | Reached skill level 5 in Stealth
  1043 | D:2      | Noticed a moth of wrath
  1046 | D:2      | Found a bloodstained altar of Trog.
  1065 | D:2      | Reached XP level 3. HP: 8/21 MP: 6/6
  1159 | D:2      | Slain by a kobold

Action                   || total
-------------------------++-------
Melee: Dagger            ||    48
 Stab: Sleeping          ||     7
